 Dungeon Crawl Stone Soup version 0.26.1-11-gd32895ea62 (webtiles) character file.

Game seed: 15072027383923200088

198 nightchill the Sneak (level 6, 0/52 HPs)
             Began as a Kobold Enchanter on July 23, 2021.
             Succumbed to a big kobold's poison
             ... on level 3 of the Dungeon on July 28, 2021.
             The game lasted 00:06:41 (3260 turns).

nightchill the Sneak (Kobold Enchanter)             Turns: 3260, Time: 00:06:41

Health: 0/52       AC: 23    Str:  6 (7)  XL:     6   Next: 6%
Magic:  9/9        EV:  3    Int: 15 (17) God:
Gold:   112        SH:  0    Dex: 14 (15) Spells: 3/9 levels left

rFire    + . .     SeeInvis .   i - +1 dagger (drain)
rCold    + . .     Faith    .   (shield restricted)
rNeg     + + +     Spirit   .   (armour currently unavailable)
rPois    +         Reflect  .   (helmet currently unavailable)
rElec    +         Harm     .   (cloak currently unavailable)
rCorr    +         Rampage  .   (gloves currently unavailable)
Will     .....     NoTele   +   (boots currently unavailable)
Stlth    ++++......             (no amulet)
HPRegen  0.17/turn              (no ring)
MPRegen  0.11/turn              (no ring)

@: lethally poisoned (0 -> -9), tree-form, resistant, very slightly
contaminated, invisible
A: small, nightstalker 3
a: no special abilities


You were on level 3 of the Dungeon.
You were a tree.
You visited 1 branch of the dungeon, and saw 3 of its levels.

You collected 112 gold pieces.

Inventory:

Hand Weapons
 a - a +1 dagger
 i - a +1 dagger of draining (weapon)
Missiles
 n - a throwing net
Armour
 b - a +0 robe (melded)
Wands
 r - a wand of acid (5)
Scrolls
 g - a scroll of blinking {unknown}
 h - 4 scrolls of identify {unknown}
 j - 2 scrolls of enchant armour {unknown}
 k - 2 scrolls of remove curse {unknown}
 o - a scroll of enchant weapon {unknown}
 p - a scroll of teleportation {unknown}
Potions
 c - a potion of resistance
 d - a potion of flight
 m - a potion of heal wounds {unknown}
 q - a potion of invisibility


   Skills:
 + Level 2.0 Fighting
 * Level 4.2 Short Blades
 - Level 2.4 Dodging
 + Level 5.1 Stealth
 - Level 2.1 Spellcasting
 * Level 4.3 Hexes


You had 3 spell levels left.
You knew the following spells:

 Your Spells              Type           Power        Failure   Level
a - Corona                Hex            15%          3%          1
b - Ensorcelled Hibernat  Hex/Ice        16%          14%         2
c - Confusing Touch       Hex            14%          11%         3

Your spell library contained the following spells:

 Spells                   Type           Power        Failure   Level
 Tukima's Dance           Hex            14%          11%         3
 Dazzling Flash           Conj/Hex       16%          26%         3


Dungeon Overview and Level Annotations

Branches:
Dungeon (3/15)

Altars:


Innate Abilities, Weirdness & Mutations

You are small and have problems with some larger weapons.
You are completely attuned to the shadows.


Message History

You barely miss the big kobold.
The big kobold is moderately wounded.
* * * LOW HITPOINT WARNING * * *
You feel sick.
You closely miss the big kobold.
The big kobold is moderately wounded.
The big kobold hits you with a +1 dagger of venom.
* * * LOW HITPOINT WARNING * * *
You barely miss the big kobold.
The big kobold is moderately wounded.
* * * LOW HITPOINT WARNING * * *
You feel sick.
It was a potion of degeneration.
There was something very wrong with that liquid.
You feel weakened.
You feel dopey.
You feel clumsy.
* * * LOW HITPOINT WARNING * * *
You feel sick.
Unknown command.
It was a potion of magic.
Magic courses through your body.
You die...

##.##.......#.#
#..............
#.............#
#...........#
#......<..#)#
#.........#(#
#.......#.#K#
#.....K.#.#K#
####.####.#♣#
#.# .#.# #.#
#.### #.# #
#...# #.#
#>###.# #.#
#....)# #†#
####..# #)#
#..# #.# #..###
≈≈≈≈


You could see a big kobold (wandering, drained) and a kobold (wandering).

Vanquished Creatures
  An orc wizard (D:3)
  A worker ant (D:3)
  4 adders
  4 gnolls (D:2)
  2 oozes (D:1)
  3 dart slugs (D:1)
  A worm (D:2)
  3 leopard geckos
  3 orcs (D:3)
  A giant cockroach (D:2)
  5 goblins
  6 hobgoblins
  2 jackals (D:3)
  7 bats
  2 frilled lizards
  10 kobolds
  4 rats
59 creatures vanquished.

Notes
Turn   | Place    | Note
-------+----------+-------------------------------------------
     0 | D:1      | nightchill the Kobold Enchanter began the quest for the
                  | Orb.
     0 | D:1      | Reached XP level 1. HP: 10/10 MP: 3/3
   122 | D:1      | Reached XP level 2. HP: 16/16 MP: 5/5
   125 | D:1      | Learned a level 2 spell: Ensorcelled Hibernation
   963 | D:1      | Reached XP level 3. HP: 18/19 MP: 3/6
  1481 | D:2      | Reached skill level 1 in Fighting
  1603 | D:2      | Reached XP level 4. HP: 25/25 MP: 4/7
  2221 | D:2      | Reached XP level 5. HP: 29/29 MP: 8/8
  2540 | D:3      | Learned a level 3 spell: Confusing Touch
  2877 | D:3      | Reached skill level 5 in Stealth
  2979 | D:3      | Reached XP level 6. HP: 19/35 MP: 4/9
  3257 | D:3      | HP: 2/52 [big kobold/+1 dagger of venom (2)]
  3260 | D:3      | Succumbed to a big kobold's poison

Illustrated notes

Levels and vault maps discovered:
D:1:      nzn_arrival_depleted_hourglass, layout_basic
D:2:      layout_rooms, kennysheep_generic_room_12
D:3:      cheibrodos_thug_alley, layout_loops_ring

Skill      XL: |  1  2  3  4  5 |
---------------+----------------+-----
Short Blades   | 2 3 4 |  4.2
Fighting       | 1 2 |  2.0
Hexes          | 4 |  4.3
Stealth        | 5 |  5.1
Dodging        | |  2.4
Spellcasting   | |  2.1

Action                   |  1- 3 |  4- 6 || total
-------------------------+-------+-------++-------
Melee: Dagger            |    59 |   108 ||   167
 Cast: Ensorcelled Hiber |     6 |     6 ||    12
       Corona            |     1 |    15 ||    16
       Confusing Touch   |       |     1 ||     1
  Use: Potion            |       |     6 ||     6
 Stab: Sleeping          |    13 |    11 ||    24
       Distracted        |       |     2 ||     2
       Confused          |       |     1 ||     1
Armor: Robe              |     8 |    10 ||    18
Dodge: Dodged            |    36 |    65 ||   101
